 Dungeon Crawl Stone Soup version 0.20-a0-1016-g241539b (webtiles) character file.

107 Rrauwl the Chucker (level 4, 0/48 HPs)
             Began as an Ogre Hunter on Apr 16, 2017.
             Slain by a leopard gecko (3 damage)
             ... on level 3 of the Dungeon.
             The game lasted 00:08:18 (2326 turns).

Rrauwl the Chucker (Ogre Hunter)                    Turns: 2326, Time: 00:08:19

Health: 0/48       AC:  3    Str: 17    XL:     4   Next: 85%
Magic:  3/3        EV: 10    Int: 12    God:
Gold:   64         SH:  0    Dex:  9    Spells: 3/3 levels left

rFire    . . .     SeeInvis .   e - +0 club
rCold    . . .     Gourm    .   (no shield)
rNeg     . . .     Faith    .   b - +0 robe
rPois    +         Spirit   .   (helmet restricted)
rElec    .         Reflect  .   (no cloak)
rCorr    .         Harm     .   (gloves unavailable)
MR       .....     Clarity  +   (boots unavailable)
Stlth    +.........             (no amulet)
Regen    0.2/turn               (no ring)
MPRegen  0.1/turn               (no ring)

@: no status effects
A: unfitting armour, clarity, low mp 1, poison resistance, tough skin 1, wild
magic 1
a: no special abilities


You were on level 3 of the Dungeon.
You were not hungry.

You visited 1 branch of the dungeon, and saw 3 of its levels.

You collected 64 gold pieces.

Inventory:

Hand Weapons
 e - a +0 club (weapon)
Armour
 b - a +0 robe (worn)
Scrolls
 g - a scroll of remove curse
 i - a scroll of teleportation
 m - a scroll of identify
 o - a scroll of amnesia {unknown}
 q - a scroll of fog {unknown}
 s - 2 scrolls of noise {unknown}
 t - a scroll of recharging {unknown}
Potions
 r - a potion of brilliance
Comestibles
 f - a bread ration
 l - 2 royal jellies
 n - 3 chunks of flesh
 p - 2 meat rations


   Skills:
 + Level 4.2 Fighting
 + Level 1.7 Maces & Flails
 + Level 4.8 Throwing
 - Level 2.0 Dodging
 - Level 0.6 Stealth


You had 3 spell levels left.
You didn't know any spells.

Dungeon Overview and Level Annotations

Branches:
Dungeon (3/15)

Altars:
Ashenzari
Trog


Innate Abilities, Weirdness & Mutations

You are too large for most types of armour.
You have tough skin. (AC +1)
You possess an exceptional clarity of mind.
Your magical capacity is low. (-10% MP)
Your system is resistant to poisons. (rPois)
Your spells are a little harder to cast, but a little more powerful.


Message History

* * * LOW HITPOINT WARNING * * *
The kobold closely misses you. The orc hits you with a club.
* * * LOW HITPOINT WARNING * * *
You hit the kobold.
You kill the kobold!
The orc hits you with a club.
* * * LOW HITPOINT WARNING * * *
You hit the orc.
The orc is heavily wounded.
The orc hits you with a club.
* * * LOW HITPOINT WARNING * * *
You see here a whip.
A leopard gecko comes into view.
The leopard gecko hisses angrily.
The leopard gecko moves out of view.
Items here: (( ) † 2 throwing nets; a large rock; a club; a hobgoblin corpse The leopard gecko hisses menacingly.
The leopard gecko bites you.
You die...

.. #.....# #. #.
#...<.### #.
#.##.)...... #
#.######.#..##..###
#?..#........###...#
###.#. .#####.####>..##
##..... #..#.......
......l########.#.......
#.@.o..# #.........
######o#####.......
#.(w(w(####.## ######).#
{...oo ##.##.l<. #.#
##o.# ..# .. ##.


o You could see 2 orcs and a leopard gecko.

Vanquished Creatures
  An orc wizard (D:3)
  3 worms (D:2)
  2 dart slugs (D:2)
  A leopard gecko (D:1)
  4 orcs (D:3)
  A ball python (D:1)
  5 bats
  2 giant cockroaches (D:1)
  5 goblins
  6 hobgoblins
  8 kobolds
  3 frilled lizards
  9 rats
50 creatures vanquished.

Vanquished Creatures (others)
  An orc wizard (D:3)
1 creature vanquished.

Grand Total: 51 creatures vanquished

Notes
Turn   | Place    | Note
-------+----------+-------------------------------------------
     0 | D:1      | Rrauwl the Ogre Hunter began the quest for the Orb.
     0 | D:1      | Reached XP level 1. HP: 22/22 MP: 1/1
    30 | D:1      | Found a shattered altar of Ashenzari.
   102 | D:1      | Reached XP level 2. HP: 23/31 MP: 2/2
  1108 | D:2      | Reached XP level 3. HP: 36/37 MP: 3/3
  1309 | D:2      | Reached skill level 1 in Maces & Flails
  1549 | D:2      | Found a bloodstained altar of Trog.
  2255 | D:2      | Gained mutation: Your system is resistant to poisons. (rPois) [potion of mutation]
  2255 | D:2      | Gained mutation: Your magical capacity is low. (-10% MP) [potion of mutation]
  2255 | D:2      | Gained mutation: You possess an exceptional clarity of mind. [potion of mutation]
  2255 | D:2      | Gained mutation: Your spells are a little harder to cast, but a little more powerful. [potion of mutation]
  2260 | D:3      | Reached XP level 4. HP: 47/48 MP: 3/3
  2321 | D:3      | HP: 2/48 [orc/club (4)]
  2326 | D:3      | Slain by a leopard gecko

Vault maps used:
D:1:      dpeg_arrival_chase, evilmike_ruin_ashenzari
D:2:      bloody_trog
D:3:      nicolae_overflow_crystal_walls, serial_bayou_pond_d, uniq_robin

Skill      XL: |  1  2  3  4 |
---------------+-------------+-----
Fighting       | 3 4 |  4.2
Dodging        | 2 |  2.0
Maces & Flails | 1 |  1.7
Throwing       | |  4.8
Stealth        | |  0.6

Action                   |  1- 3 |  4- 6 || total
-------------------------+-------+-------++-------
Melee: Club              |   146 |    37 ||   183
       Short sword       |     9 |       ||     9
Throw: Large rock        |    25 |     4 ||    29
       Throwing net      |       |     2 ||     2
  Use: Scroll            |     4 |       ||     4
       Potion            |     3 |       ||     3
  Eat: Chunk             |     4 |     1 ||     5
Armor: Robe              |    56 |     8 ||    64
Dodge: Dodged            |    97 |    24 ||   121
